 Dungeon Crawl Stone Soup version 0.31.0-32-g396128a36d (webtiles) character file.

Game seed: 6989003603206692191

4826 jagang the Carver (level 10, -5/70 HPs)
             Began as a Human Monk on Mar 15, 2024.
             Was the Champion of the Shining One.
             Killed from afar by a starcursed mass (10 damage)
             ... with an accursed screaming
             ... on level 1 of the Abyss.
             The game lasted 00:26:08 (8931 turns).

jagang the Carver (Human Monk)                      Turns: 8931, Time: 00:26:08

Health: -5/70      AC: 16    Str: 19    XL:     10   Next: 49%
Magic:  10/10      EV: 10    Int: 10    God:    the Shining One [******]
Gold:   621        SH: 10    Dex: 19    Spells: 9/9 levels left

rFire   + . .        O - +5 scimitar
rCold   x . .        g - +0 kite shield
rNeg    + + +        n - +5 scale mail "Tyffus" {rPois rC- Str+6}
rPois   +            (no helmet)
rElec   .            J - +0 cloak
rCorr   .            x - +2 pair of gloves
SInv    .            D - +0 pair of boots
Will    .....        (no amulet) Stlth
                     z - ring of protection from fire
HPRegen 0.31/turn    (no ring)
MPRegen 0.12/turn

%: no passive effects
@: glowing
A: explore regen
a: Renounce Religion, Divine Shield, Cleansing Flame, Summon Divine Warrior,
Brand Weapon With Holy Wrath


You were on level 1 of the Abyss.
You worshipped the Shining One.
The Shining One was exalted by your worship.
You visited 1 branch of the dungeon, and saw 9 of its levels.
You visited the Abyss 1 time.
You also visited: Ossuary.

You collected 621 gold pieces.

Inventory:

Hand Weapons
 N - a +2 long sword
 O - a +5 scimitar (weapon)
Missiles
 m - 13 poisoned darts
 w - 4 throwing nets
 B - 7 boomerangs (quivered)
Armour
 g - a +0 kite shield (worn)
 n - the +5 scale mail "Tyffus" (worn) {rPois rC- Str+6}
   (You found it on level 6 of the Dungeon)

   Str+6:     It affects your strength (+6).
   rC-:       It makes you vulnerable to cold.
   rPois:     It protects you from poison
 x - a +2 pair of gloves (worn)
 D - a +0 pair of boots (worn)
 J - a +0 cloak (worn)
Jewellery
 j - a ring of fire
 z - a ring of protection from fire (left hand)
 A - a ring of fire
Wands
 I - a wand of roots (3)
 L - a wand of flame (12)
 M - a wand of charming (4)
Scrolls
 a - a scroll of poison
 f - 4 scrolls of vulnerability
 h - a scroll of torment
 r - 2 scrolls of teleportation
 u - 3 scrolls of noise
 y - a scroll of fear
 E - a scroll of blinking
 G - a scroll of revelation
Potions
 b - 2 potions of resistance
 c - a potion of ambrosia
 d - 3 potions of curing
 e - 2 potions of might
 i - a potion of invisibility {unknown}
 l - a potion of haste {unknown}
 p - 3 potions of enlightenment {unknown}
 q - 4 potions of mutation {unknown}
 t - a potion of attraction {unknown}
 v - 5 potions of brilliance {unknown}
 H - a potion of heal wounds {unknown}
 K - a potion of lignification {unknown}
Miscellaneous
 k - a box of beasts


   Skills:
 - Level 3.0 Fighting
 * Level 12.9 Long Blades
 + Level 5.9 Throwing
 - Level 3.0 Dodging
 - Level 5.5 Shields


You had 9 spell levels left.
You didn't know any spells.
Your spell library contained the following spells:

 Spells                   Type           Power      Damage    Failure   Level
 Inner Flame              Hex/Fire       0%         N/A       100%        3
 Flame Wave               Conj/Fire      0%         2d4       100%        4
 Sticky Flame             Fire/Alch      0%         2d4       100%        4


Dungeon Overview and Level Annotations

Branches:
Dungeon (9/15)             Temple (0/1) D:4         Ossuary (visited)
   Lair: D:8-11         Orc: D:9-12

Altars:
Makhleb
Nemelex Xobeh
Sif Muna
Trog
Wu Jian
The Shining One

Annotations:
D:9 Erica, Erolcha


Innate Abilities, Weirdness & Mutations

You regain HP and MP as you explore.


Message History

You hit the starcursed mass but do no damage.
The starcursed mass is moderately damaged.
You block the starcursed mass's attack.
You hit the starcursed mass but do no damage.
The starcursed mass is moderately damaged.
The starcursed mass touches you.
You hit the starcursed mass.
The starcursed mass is moderately damaged.
The starcursed mass shudders and is absorbed by its neighbour.
A starcursed mass splits.
You slash the starcursed mass!
The starcursed mass is severely damaged.
The starcursed mass shudders and is absorbed by its neighbour.
A starcursed mass splits.
A chorus of shrieks assaults your mind.
A starcursed mass splits.
You hit the starcursed mass.
The starcursed mass is heavily damaged.
The starcursed mass shudders and is absorbed by its neighbour.
You hit the starcursed mass.
The starcursed mass is heavily damaged.
The starcursed mass shudders and withdraws towards its neighbour.
The tentacled starspawn bites you!
The tentacled starspawn tentacle-slaps you but does no damage.
A starcursed mass splits.
You hit the tentacled starspawn.
The tentacled starspawn is lightly damaged.
The tentacled starspawn barely misses you.
You block the tentacled starspawn's attack.
You hit the tentacled starspawn.
The tentacled starspawn is lightly damaged.
The tentacled starspawn bites you!!
* * * LOW HITPOINT WARNING * * *
The tentacled starspawn tentacle-slaps you but does no damage.
You slash the tentacled starspawn!
The tentacled starspawn is lightly damaged.
The starcursed mass touches you but does no damage.
A starcursed mass splits.
A chorus of shrieks assaults your mind.
You die...

. .# #
## ###
. #. .
. #
.#...
ยง #
#.#.
X#
#X#X #
#XX###
##X@.#
#####


You could see 4 starcursed masses and a tentacled starspawn.

Vanquished Creatures
  Grinder (D:3)
  2 shadows
  A wyvern (D:8)
  A small abomination (Abyss:1)
  Menkaure (D:7)
  2 water moccasins
  An orc warrior (D:8)
  A sky beast (D:6)
  An ogre (D:7)
  2 centaurs
  A phantom (D:6)
  A kobold brigand (D:6)
  4 bullfrogs
  An elf zombie (Ossuary)
  3 scorpions
  4 elf skeletons (D:7)
  16 wights
  A howler monkey (D:5)
  2 centaur zombies (Ossuary)
  3 hounds
  5 jellies
  2 orc priests
  A bombardier beetle (D:4)
  A gnoll bouda (D:6)
  6 human zombies
  A starcursed mass (Abyss:1)
  2 iguanas
  3 sleepcaps
  4 human skeletons (D:7)
  3 orc wizards
  6 hound zombies (Ossuary)
  2 mummies (Ossuary)
  24 gnolls
  6 adders
  2 white imps
  2 ufetubi (D:7)
  10 adder zombies (Ossuary)
  A dart slug (D:5)
  3 ribbon worms
  19 orcs
  7 bats
  5 endoplasms
  2 giant cockroaches (D:3)
  4 goblins
  6 hobgoblins
  6 jackals
  9 kobolds
  5 quokkas
  5 ball pythons
  5 frilled lizards
  A gnoll zombie (Ossuary)
  4 jackal zombies (Ossuary)
  5 kobold zombies (Ossuary)
  2 orc skeletons (D:7)
  3 orc zombies (Ossuary)
  3 rats
224 creatures vanquished.

Vanquished Creatures (others)
  A lurking horror (Abyss:1)
1 creature vanquished.

Grand Total: 225 creatures vanquished

Notes
Turn   | Place    | Note
-------+----------+-------------------------------------------
     0 | D:1      | jagang the Human Monk began the quest for the Orb.
     0 | D:1      | Reached XP level 1. HP: 18/18 MP: 1/1
   183 | D:1      | Reached XP level 2. HP: 20/24 MP: 2/2
   254 | D:1      | Reached skill level 1 in Shields
   448 | D:1      | Reached XP level 3. HP: 27/29 MP: 3/3
   927 | D:2      | Reached skill level 4 in Long Blades
  1152 | D:2      | Reached XP level 4. HP: 28/35 MP: 4/4
  1313 | D:2      | Found a faded altar of an unknown god.
  1328 | D:2      | Found a bloodstained altar of Trog.
  1941 | D:3      | You fall into a shaft and drop 3 floors!
  1941 | D:6      | Found a glowing golden altar of the Shining One.
  1943 | D:6      | Became a worshipper of the Shining One
  1943 | D:6      | Reached * piety under the Shining One
  1943 | D:6      | Reached ** piety under the Shining One
  1959 | D:6      | Noticed a kobold brigand
  1991 | D:6      | Killed a kobold brigand
  1992 | D:6      | Reached XP level 5. HP: 7/41 MP: 5/5
  1996 | D:6      | HP: 2/41 [kobold/+0 dagger (2)]
  2197 | D:6      | Reached skill level 5 in Long Blades
  2291 | D:6      | Identified the +5 scale mail "Tyffus" {rPois rC- Str+6}
  2326 | D:6      | Noticed a phantom
  2339 | D:6      | Killed a phantom
  2340 | D:6      | Reached XP level 6. HP: 39/47 MP: 6/6
  2434 | D:6      | Reached skill level 6 in Long Blades
  2445 | D:6      | Reached XP level 7. HP: 8/52 MP: 7/7
  2719 | D:5      | Entered Level 5 of the Dungeon
  2921 | D:5      | Reached skill level 7 in Long Blades
  3458 | D:3      | Found a shimmering blue altar of Sif Muna.
  3480 | D:3      | Noticed Grinder
  3497 | D:3      | Killed Grinder
  3498 | D:3      | Reached skill level 5 in Shields
  3498 | D:3      | Reached XP level 8. HP: 48/58 MP: 8/8
  4286 | D:4      | Reached skill level 8 in Long Blades
  4351 | D:4      | Found a staircase to the Ecumenical Temple.
  4789 | D:5      | Found a sparkling altar of Nemelex Xobeh.
  4789 | D:5      | Found an ornate altar of the Wu Jian Council.
  4790 | D:5      | Found a burning altar of Makhleb.
  4817 | D:5      | Noticed a shadow
  4818 | D:5      | Reached *** piety under the Shining One
  5111 | D:5      | Reached skill level 9 in Long Blades
  5120 | D:5      | Killed a shadow
  5912 | D:5      | Reached skill level 10 in Long Blades
  5912 | D:5      | Reached XP level 9. HP: 61/63 MP: 9/9
  5924 | D:6      | Reached skill level 1 in Throwing
  6786 | D:7      | Reached skill level 11 in Long Blades
  6829 | D:7      | Found a sand-covered staircase.
  6850 | Ossuary  | Entered an ossuary
  6856 | Ossuary  | Reached **** piety under the Shining One
  6949 | Ossuary  | Reached ***** piety under the Shining One
  7458 | D:7      | Reached XP level 10. HP: 52/70 MP: 10/10
  7585 | D:7      | Noticed Menkaure
  7589 | D:7      | Killed Menkaure
  7590 | D:7      | Reached skill level 12 in Long Blades
  7983 | D:8      | Reached ****** piety under the Shining One
  7995 | D:8      | Reached skill level 5 in Throwing
  8651 | D:8      | Noticed a skeletal warrior
  8738 | D:9      | Noticed Erolcha
  8738 | D:9      | Noticed Erica
  8740 | Abyss:1  | Cast into level 1 of the Abyss (Erolcha)
  8908 | Abyss:1  | Noticed a starcursed mass
  8916 | Abyss:1  | Noticed a tentacled starspawn
  8931 | Abyss:1  | Killed from afar by a starcursed mass

Illustrated notes

Levels and vault maps discovered:
D:1:      psy_arrival_dodecagon, layout_basic, chequers_decorated_corner
D:2:      layout_basic, hellmonk_ecumenical_altar_arch_garden, basic_altar,
          kennysheep_cluttered_room, minmay_misc_feat_secret_circle,
          minmay_close_crescents
D:3:      layout_loops_corners, lemuel_tele_altar, grunt_decor_one_mirror,
          uniq_grinder
D:4:      layout_loops_ring, minmay_temple_entry_fiery
D:5:      minmay_clustersquares, layout_cave_pods,
          gammafunk_temple_overflow_claw, grunt_ministairs_3
D:6:      layout_cave_pods, mainiacjoe_overflow_alcove_4
D:7:      layout_basic, nicolae_ossuary_entry_catacombs, uniq_menkaure
D:8:      layout_basic, minivault_1, lightli_corner_chamber
D:9:      layout_rooms, nicolae_dithmenos_through_a_glass_darkly,
          dpeg_oklobed_lair, uniq_erolcha, uniq_psyche, uniq_erica
Abyss:1:  base:
D:8

Skill      XL: |  1  2  3  4  5  6  7  8  9 10 |
---------------+-------------------------------+-----
Shields        | 1 2 3 4 5 |  5.5
Long Blades    | 4 5 6 7 10 11 12 | 12.9
Throwing       | 4 5 |  5.9
Fighting       | |  3.0
Dodging        | |  3.0

Action                     |  1- 3 |  4- 6 |  7- 9 | 10-12 || total
---------------------------+-------+-------+-------+-------++-------
  Melee: Falchion          |    34 |       |       |       ||    34
         Long sword        |    56 |    88 |   599 |    36 ||   779
         Scimitar          |       |       |       |    67 ||    67
  Throw: Dart              |       |       |    21 |       ||    21
         Boomerang         |       |       |    35 |     7 ||    42
    Use: Scroll            |       |     4 |     9 |     2 ||    15
         Potion            |       |       |       |     1 ||     1
   Stab: Sleeping          |       |     2 |       |       ||     2
 Armour: Robe              |    54 |    29 |       |       ||    83
         Scale mail        |       |    30 |   306 |    49 ||   385
  Dodge: Dodged            |    68 |    25 |   192 |    29 ||   314
  Block: Kite shield       |     4 |    51 |   302 |    41 ||   398
